[Event "Late-Titled-Tuesday-Blitz-January-30-2024"]
[Site "Chess.com"]
[Date "2024.01.30"]
[Round "2"]
[White "jup1978"]
[Black "PattyCastillo"]
[Result "1-0"]
[WhiteElo "2437"]
[BlackElo "1991"]
[TimeControl "180+1"]
[EndTime "14:17:22 PST"]
[Termination "jup1978 won on time"]

1. e4 c5 2. Nf3 d6 3. Bb5+ Nd7 4. d4 cxd4 5. Qxd4 a6 6. Bxd7+ Bxd7 7. Nc3 e5 8. Qd3 Be7 9. O-O Nf6 10. Bg5 Bc6 11. Bxf6 gxf6 12. Nh4 Rc8 13. Nf5 Rg8 14. Rfd1 Qd7 15.
f3 Rd8 16. Nd5 Bxd5 17. Qxd5 Qa4 18. Qxb7 Rd7 19. Qb8+ Rd8 20. Qb3 Qc6 21. Rd5 Kf8 22.
Rad1 Rg5 23. h4 Rg6 24. h5 Rg5 25. g4 Qc7 26. Qd3 Qb6+ 27. Qe3 Qxb2 28. Qa7 Re8 29. Qxa6 Qxc2 30. R1d2 Qc1+ 31. Qf1 1-0

[Event "Late-Titled-Tuesday-Blitz-January-30-2024"]
[Site "Chess.com"]
[Date "2024.01.30"]
[Round "2"]
[White "Dzidzik2203"]
[Black "pavet"]
[Result "0-1"]
[WhiteElo "2408"]
[BlackElo "2771"]
[TimeControl "180+1"]
[EndTime "14:17:24 PST"]
[Termination "pavet won on time"]

1. b3 d5 2. Bb2 Nf6 3. e3 Bf5 4. Nf3 e6 5. Be2 Bd6 6. O-O Nbd7 7. c4 O-O 8. Nc3 c6 9. Nh4 Bg6 10.
Nxg6 hxg6 11. Qc2 a6 12. d4 Re8 13. e4 dxe4 14. Nxe4 Nxe4 15. Qxe4 e5 16. Rad1 Nf6 17. Qc2 e4 18. Rfe1 Bb4 19. Bc3 a5 20. Bf1 Qd6 21. g3 Rad8 22. Bg2 Bxc3 23. Qxc3 b6 24. Re2 c5 25. Red2 cxd4 26. Rxd4 Qc7 27. Qe3 Rxd4 28. Qxd4 Kh7 29. Qd6 Qb7 30. h3 Re6 31. Qd4 Qe7 32. Re1 Qb4 33. Re3 a4 34. bxa4 Qxa4 35. Bxe4 Qxa2 36. Bd5 Rd6 37. Rd3 Rd7 38. Kg2 Qa5 39. Rd1 b5 0-1

[Event "Late-Titled-Tuesday-Blitz-January-30-2024"]
[Site "Chess.com"]
[Date "2024.01.30"]
[Round "2"]
[White "Onthequiet"]
[Black "bn1462"]
[Result "1-0"]
[WhiteElo "2428"]
[BlackElo "1953"]
[TimeControl "180+1"]
[EndTime "14:17:24 PST"]
[Termination "Onthequiet won on time"]

1. d4 d5 2. Nf3 Nf6 3. c4 e6 4.
Nc3 dxc4 5. Qa4+ Nbd7 6. Ne5 c5 7. e3 cxd4 8. exd4 Bd6 9. Nxc4 Be7 10. Be2 O-O 11. O-O Nb6 12. Nxb6 Qxb6 13. Bf3 Bd7 14. Qb3 Bc6 15. Qxb6 axb6 16. Bg5 Bxf3 17. gxf3 Rfd8 18. Rfd1 Nd5 19. Nxd5 Bxg5 20. Nxb6 Ra6 21. Nc4 Bf6 22. a4 Rxd4 23. Rxd4 Bxd4 24. Rd1 Bf6 25. b3 g6 26. Rd7 Kg7 27. Rxb7 Rc6 28. Kf1 Rc5 29. Nd6 Rc1+ 30. Kg2 Be5 31. Nxf7 1-0

[Event "Late-Titled-Tuesday-Blitz-January-30-2024"]
[Site "Chess.com"]
[Date "2024.01.30"]
[Round "2"]
[White "winniethepooh04"]
[Black "picturesquecheck"]
[Result "1-0"]
[WhiteElo "2547"]
[BlackElo "2347"]
[TimeControl "180+1"]
[EndTime "14:17:26 PST"]
[Termination "winniethepooh04 won by resignation"]

1. d4 g6 2. Nf3 Bg7 3. Bf4 d6 4.
h3 Nf6 5. e3 O-O 6. Be2 Nbd7 7.
O-O Re8 8. c4 b6 9. Nc3 Bb7 10. Rc1 e5 11. Bh2 c6 12. b4 Qe7 13.
Re1 Rad8 14. Qb3 e4 15. Nd2 Rc8 16. Bf1 d5 17. cxd5 cxd5 18. Nb5 Rxc1 19. Rxc1 Ra8 20. Bd6 Qd8 21. Bc7 Qf8 22. Bh2 Ne8 23. Nc7 Rc8 24. Qb2 Nxc7 25. Rxc7 Rxc7 26. Bxc7 Qc8 27. Bg3 Bf8 28. Nb1 Nf6 29. a3 Nh5 30. Bh2 Qd7 31. Qc2 Bc6 32. Nc3 Nf6 33. Qb3 Ne8 34. Be2 Bb7 35.
Bb5 Qd8 36. Bg3 Nc7 37. Be2 Bd6 38. Bxd6 Qxd6 39. Qc2 a6 40. Na4 Nb5 41. Bxb5 axb5 42. Nc3 Bc6 43. Qe2 Qd7 44. Qc2 Kg7 45. Nb1 Qd6 46.
Nd2 Qd7 47. Nf1 f5 48. h4 h5 49. Ng3 Bb7 50. Ne2 Bc6 51. Nf4 Kf6 52. Qc3 Kg7 53.
Qe1 Kh6 54. f3 Qa7 55. Qg3 Be8 56. Qg5+ Kh7 57. Nxd5 Qf7 58. Nf6+ Kh8 59. Qh6+ 1-0

[Event "Late-Titled-Tuesday-Blitz-January-30-2024"]
[Site "Chess.com"]
[Date "2024.01.30"]
[Round "2"]
[White "sotochess"]
[Black "Vladimir_Zakhartsov"]
[Result "0-1"]
[WhiteElo "2568"]
[BlackElo "2848"]
[TimeControl "180+1"]
[EndTime "14:17:28 PST"]
[Termination "Vladimir_Zakhartsov won by resignation"]

1. e4 c5 2. Nf3 d6 3. d4 Nf6 4.
dxc5 Qa5+ 5. Nbd2 Qxc5 6. Bd3 e6 7. O-O Be7 8. Qe2 Nbd7 9. c4 O-O 10. b3 b6 11. Bb2 Bb7 12. a3 Qc7 13. Rac1 a6 14.
Rfe1 Rfe8 15. e5 dxe5 16. Nxe5 Rad8 17. Ndf3 Nxe5 18. Nxe5 Bd6 19. Bc2 Ba8 20. Rcd1 Qb7 21. f3 Bf8 22. Rxd8 Rxd8 23. Rd1 Rxd1+ 24. Qxd1 Qc7 25. Qe2 b5 26. cxb5 axb5 27. Bd3 Qa7+ 28.
Kf1 Bxa3 29. Bxb5 Nd5 30. Bxa3 Qxa3 31. Bc4 g6 32. Kf2 Qa7+ 33. Kg3 Ne3 34. Kh3 Qd4 35.
Ng4 Nxg4 36. fxg4 Kg7 37. Kg3 g5 38. Kh3 h5 39. g3 hxg4+ 40. Qxg4 Bg2+ 41. Kxg2 Qxg4 0-1

[Event "Late-Titled-Tuesday-Blitz-January-30-2024"]
[Site "Chess.com"]
[Date "2024.01.30"]
[Round "2"]
[White "vladislavkovalev"]
[Black "GasconJR"]
[Result "1-0"]
[WhiteElo "2868"]
[BlackElo "2584"]
[TimeControl "180+1"]
[EndTime "14:17:29 PST"]
[Termination "vladislavkovalev won on time"]

1. e4 c5 2. Nf3 Nc6 3. Nc3 g6 4. d4 cxd4 5. Nxd4 Bg7 6. Be3 Nf6 7. Bc4 O-O 8. Bb3 d6 9. h3 Qa5 10. O-O Nxd4 11. Bxd4 Be6 12. Nd5 Bxd5 13. exd5 Nd7 14. Bxg7 Kxg7 15. Qd4+ Kg8 16. Rae1 Rfe8 17. Qh4 Nf6 18.
Re3 b5 19. Rfe1 Qc7 20. a4 a6 21. c3 Rab8 22. Qd4 Rb7 23. axb5 axb5 24. g4 h6 25. h4 b4 26. c4 Qd8 27. Ba4 Rf8 28.
g5 hxg5 29. hxg5 Nh5 30. f4 e5 31. dxe6 fxe6 32. Rxe6 Nxf4 33. Rf6 Re7 34. Rxe7 Qxe7 35. Qxf4 Qe1+ 36. Kg2 Qe2+ 37. Kh3 Qh5+ 38. Kg3 1-0

[Event "Late-Titled-Tuesday-Blitz-January-30-2024"]
[Site "Chess.com"]
[Date "2024.01.30"]
[Round "2"]
[White "ploddingpawn"]
[Black "Cubitas"]
[Result "0-1"]
[WhiteElo "2436"]
[BlackElo "2735"]
[TimeControl "180+1"]
[EndTime "14:17:31 PST"]
[Termination "Cubitas won by resignation"]

1. d4 Nf6 2. Bf4 h6 3. Nc3 g5 4.
Be5 Bg7 5. Nd5 d6 6. Nxf6+ exf6 7. Bg3 f5 8. e3 Qe7 9. Be2 Nc6 10. Nf3 Bd7 11.
Qd2 O-O-O 12. O-O-O h5 13. h3 h4 14. Bh2 g4 15. Ne1 Bh6 16. c3 Rhg8 17. Bf4 Bxf4 18. exf4 Rde8 19. Bc4 g3 20. f3 Na5 21. Bd3 d5 22.
Nc2 Qd6 23. Rhe1 Be6 24. Re2 Nc6 25. Rde1 Ne7 26. Re5 Ng6 27. Ne3 Nxe5 28. fxe5 Qd7 29. f4 f6 30. Qc2 fxe5 31. dxe5 d4 32. cxd4 Qxd4 33. Nxf5 Qxf4+ 34. Kb1 Kb8 35. Rf1 Qxe5 36. Nxh4 Rgf8 37. Nf3 Qd5 38. b3 Bxh3 39. Rc1 c6 40. Bc4 Bf5 41. Bxd5 cxd5 0-1

[Event "Late-Titled-Tuesday-Blitz-January-30-2024"]
[Site "Chess.com"]
[Date "2024.01.30"]
[Round "2"]
[White "TheoSlade"]
[Black "HamedWafa4"]
[Result "0-1"]
[WhiteElo "2464"]
[BlackElo "2809"]
[TimeControl "180+1"]
[EndTime "14:17:31 PST"]
[Termination "HamedWafa4 won by checkmate"]

1. d4 Nf6 2. c4 e6 3. g3 Bb4+ 4. Nd2 d5 5. Bg2 O-O 6. Nf3 dxc4 7. Qc2 a5 8. a3 Bxd2+ 9. Bxd2 b5 10. O-O Bb7 11.
b3 cxb3 12. Qxb3 c6 13. Bg5 h6 14. Bxf6 Qxf6 15. Ne5 Rd8 16. Rfd1 Qe7 17. Rac1 Rd6 18. e3 Nd7 19. Nxc6 Bxc6 20. Bxc6 Rb8 21. Bxb5 Rd5 22. a4 Nf8 23. Qc3 Qf6 24. Qc7 Rbd8 25. Bc6 R5d6 26. Qxa5 Ng6 27. Bg2 e5 28. d5 h5 29. Rc6 Rxc6 30. Ra1 Rc2 31. Qe1 e4 32. a5 Rxf2 33. a6 Rb2 34. a7 Ra8 35. Bxe4 Ne5 36. d6 Nf3+ 37. Bxf3 Qxf3 38. Qf1 Qxe3+ 39. Kh1 Qe4+ 40. Kg1 Qd4+ 41. Kh1 Qd5+ 42. Kg1 Qxd6 43. Qf3 Qb6+ 44. Kh1 Rxa7 45. Rxa7 Qxa7 46. Qxh5 Rb1+ 47. Kg2 Qg1+ 48. Kh3 Qf1+ 49. Kh4 Rb4+ 50. g4 Qf2+ 51. Kh3 Rb3# 0-1

[Event "Late-Titled-Tuesday-Blitz-January-30-2024"]
[Site "Chess.com"]
[Date "2024.01.30"]
[Round "2"]
[White "lluiss"]
[Black "venturov"]
[Result "1-0"]
[WhiteElo "2184"]
[BlackElo "2470"]
[TimeControl "180+1"]
[EndTime "14:17:31 PST"]
[Termination "lluiss won by resignation"]

1. e4 Nf6 2. e5 Nd5 3. Nc3 e6 4. Nf3 d6 5. d4 Nc6 6. exd6 Bxd6 7. Bg5 Be7 8. Bxe7 Ncxe7 9. Be2 O-O 10. O-O b6 11.
Nxd5 Nxd5 12. Ne5 Bb7 13. Bf3 Qc8 14. c4 Nf6 15. Ng4 Nxg4 16. Bxb7 Nxf2 17. Qf3 Qd8 18. Qxf2 Rb8 19. Be4 Qg5 20. Qf4 Qa5 21. Rf3 f5 22. Bc6 Rbd8 23. d5 exd5 24. Bxd5+ Kh8 25. Rh3 c6 26. Be6 Rf6 27. Re3 Qd2 28. Qf2 Qd4 29. Rae1 f4 30. Re4 Qd6 31. Bg4 Rdf8 32. Re8 g6 33. Rxf8+ Rxf8 34. Bf3 b5 35. cxb5 cxb5 36.
Qe2 Qc5+ 37. Kh1 Kg7 38. Qe7+ Rf7 39. Qxc5 1-0

[Event "Late-Titled-Tuesday-Blitz-January-30-2024"]
[Site "Chess.com"]
[Date "2024.01.30"]
[Round "2"]
[White "ValeriyGrinev"]
[Black "RianKapriaga"]
[Result "1-0"]
[WhiteElo "2549"]
[BlackElo "2350"]
[TimeControl "180+1"]
[EndTime "14:17:33 PST"]
[Termination "ValeriyGrinev won on time"]

1. e4 c6 2. d4 d5 3. e5 Bf5 4. Nf3 e6 5. Be2 Nd7 6. O-O Ne7 7. a4 a5 8. b3 h6 9. c4 Bg6 10. Ba3 Nf5 11. Bxf8 Nxf8 12. c5 Nd7 13. Nbd2 Kf8 14. g4 Nh4 15. Nxh4 Qxh4 16. f4 Kg8 17. Qe1 Qxe1 18.
Raxe1 f5 19. h3 h5 20. g5 h4 21. Rb1 Bh5 22. Bd3 Kf8 23. Kf2 Ke7 24. Ke3 b6 25. cxb6 Rhb8 26. Rfc1 Rxb6 27. Rc3 Rc8 28. Rbc1 Nb8 29.
Nb1 Na6 30. Bxa6 Rxa6 31. Na3 Rb6 32. Nc2 Kd7 33. Ne1 Rcb8 34. Nd3 Ke7 35. Nc5 Be8 36. Kd2 Rb4 37. Na6 Rxd4+ 38. Kc2 Rdb4 39. Nxb4 Rxb4 40. Rf1 Rd4 41. Kb2 1-0

[Event "Late-Titled-Tuesday-Blitz-January-30-2024"]
[Site "Chess.com"]
[Date "2024.01.30"]
[Round "2"]
[White "ahmedkandiliii"]
[Black "DonJuanEGenaro"]
[Result "0-1"]
[WhiteElo "2421"]
[BlackElo "2013"]
[TimeControl "180+1"]
[EndTime "14:17:33 PST"]
[Termination "DonJuanEGenaro won by checkmate"]

1. e4 c5 2. Nf3 Nc6 3. Bb5 e6 4. Bxc6 bxc6 5. O-O d5 6. Qe2 Nf6 7. d3 Be7 8. Nbd2 O-O 9. Re1 Ba6 10. Ne5 Qc7 11. f4 Bd6 12. Ng4 Nxg4 13. Qxg4 Bxf4 14.
g3 Bh6 15. Nf3 Bxc1 16. Raxc1 c4 17. Qh5 Qb6+ 18. Kh1 cxd3 19. cxd3 Bxd3 20. Ng5 h6 21. Rc3 dxe4 22. Nxe4 Bxe4+ 23. Rxe4 Qxb2 24. Rce3 Rad8 25. Re2 Rd1+ 26. Kg2 Qb1 27. Rg4 Rg1+ 28. Kh3 Qf1+ 29. Kh4 Kh7 30. Re5 g6 31. Reg5 gxh5 32. Rg7+ Kh8 33.
Kxh5 Qh3+ 34. Rh4 Qf5+ 35. Kxh6 Rg8 36. Rxg8+ Kxg8 37. Rb4 Qg6# 0-1

[Event "Late-Titled-Tuesday-Blitz-January-30-2024"]
[Site "Chess.com"]
[Date "2024.01.30"]
[Round "2"]
[White "Lady_Nika"]
[Black "MikaelyanArman"]
[Result "0-1"]
[WhiteElo "2582"]
[BlackElo "2865"]
[TimeControl "180+1"]
[EndTime "14:17:34 PST"]
[Termination "MikaelyanArman won on time"]

1. d4 Nf6 2. e3 g6 3. f4 Bg7 4.
Nf3 d6 5. c3 O-O 6. Bd3 c5 7. O-O Nc6 8. Bc2 cxd4 9. exd4 e5 10.
fxe5 dxe5 11. dxe5 Qb6+ 12. Nd4 Nxe5 13. Kh1 Bg4 14.
Qe1 Rae8 15. Qh4 Nh5 16. b3 Rc8 17. a4 Rfe8 18. a5 Qa6 19. Qf2 Nd3 20. Bxd3 Qxd3 21. Ba3 f5 22. Ra2 Nf6 23. Rd2 Ne4 24. Qf4 Nxd2 25. Nxd2 Qxc3 26. Nb5 Qd3 27. Nd6 Be5 28. Qb4 Bxd6 29. Qxd6 Qxd6 30. Bxd6 Rc2 31. Bf4 Re2 32. h3 Bh5 0-1

[Event "Late-Titled-Tuesday-Blitz-January-30-2024"]
[Site "Chess.com"]
[Date "2024.01.30"]
[Round "2"]
[White "BestestBP"]
[Black "ninguno46"]
[Result "0-1"]
[WhiteElo "2263"]
[BlackElo "2519"]
[TimeControl "180+1"]
[EndTime "14:17:34 PST"]
[Termination "ninguno46 won by checkmate"]

1. c4 e5 2. Nc3 Nf6 3. Nf3 Nc6 4. e4 Bb4 5. a3 Bxc3 6. bxc3 Nxe4 7. Qe2 Nf6 8. Nxe5 O-O 9. Ng4 Nxg4 10. Qxg4 d5 11. Qf3 Re8+ 12. Be2 Ne5 13. Qxd5 Nd3+ 14. Kf1 Bg4 15.
Bxd3 Qe7 16. Qe4 Qh4 17. Qxh7+ Qxh7 18. Bxh7+ Kxh7 19. f3 Bf5 20. d4 Bd3+ 21. Kf2 Re2+ 22. Kg3 Bxc4 23. Bf4 Rae8 24. h4 R8e6 25. h5 c6 26.
Rab1 b5 27. Ra1 a5 28. a4 b4 29. cxb4 axb4 30. a5 Ba6 31. Rab1 Ra2 32. Rxb4 Rxa5 33. Rb8 Ra2 34. Rf8 f6 35. h6 g5 36. Rf7+ Kg6 37.
Rg7+ Kf5 38. Bc7 Ree2 39. h7 Rxg2+ 40. Kh3 Bf1 41. h8=Q Rh2+ 42. Kg3 Rag2# 0-1

[Event "Late-Titled-Tuesday-Blitz-January-30-2024"]
[Site "Chess.com"]
[Date "2024.01.30"]
[Round "2"]
[White "Elprofessor21"]
[Black "Hikaru"]
[Result "0-1"]
[WhiteElo "2682"]
[BlackElo "3290"]
[TimeControl "180+1"]
[EndTime "14:17:35 PST"]
[Termination "Hikaru won by checkmate"]

1. d4 a6 2. c4 b5 3. e3 bxc4 4.
Bxc4 e6 5. Nf3 d5 6. Bd3 Nf6 7. O-O Nbd7 8. b3 c5 9. Bb2 Bb7 10. Nbd2 Bd6 11. Ne5 O-O 12. Rc1 Rc8 13. Bb1 cxd4 14.
Rxc8 Qxc8 15. exd4 Qc7 16. Qe2 Rc8 17. h3 Qb6 18. Re1 Bf8 19. Qd3 g6 20. Ndf3 Rc7 21.
Qe3 Nxe5 22. Nxe5 Nd7 23. Nf3 a5 24. Rc1 a4 25. Rxc7 Qxc7 26. bxa4 Nb6 27. Ne5 Nxa4 28. Bc1 Nc3 29. Bd3 Nxa2 30. Bd2 Nb4 31. h4 Nxd3 32.
Qxd3 h5 33. g4 hxg4 34. Nxg4 Bg7 35. Bg5 f5 36. Ne3 Qb6 37. Qe2 Bxd4 38. Nxf5 gxf5 39. Qh5 Qb1+ 40. Kh2 Be5+ 41. f4 Qc2+ 42. Kh3 Qd3+ 43. Kh2 Qd2+ 44. Kh3 Qe3+ 45. Kh2 Bxf4+ 46. Kg2 d4+ 47.
Kf1 Ba6+ 48. Kg2 Qg3+ 49. Kh1 Qh2# 0-1

[Event "Late-Titled-Tuesday-Blitz-January-30-2024"]
[Site "Chess.com"]
[Date "2024.01.30"]
[Round "2"]
[White "INLOVEWITHF"]
[Black "dmitrijiIM"]
[Result "0-1"]
[WhiteElo "2596"]
[BlackElo "2907"]
[TimeControl "180+1"]
[EndTime "14:17:35 PST"]
[Termination "dmitrijiIM won by resignation"]

1. d4 Nf6 2. c3 d5 3. Nf3 g6 4. g3 Bg7 5. Bg2 O-O 6. O-O c6 7.
Nbd2 Bf5 8. Nh4 Be6 9. Qb3 Qb6 10. a4 Nbd7 11. Qa3 Rfe8 12. a5 Qc7 13. Re1 g5 14. Nhf3 h6 15. e4 dxe4 16. Nxe4 Nxe4 17. Rxe4 Bd5 18. Re1 e5 19. dxe5 Bxf3 20. Bxf3 Nxe5 21. Kg2 Nxf3 22. Rxe8+ Rxe8 23. Kxf3 Qe5 24. Be3 Qd5+ 25. Ke2 Rd8 26. Qa4 h5 27. Rd1 Qxd1+ 28. Qxd1 Rxd1 29.
Kxd1 g4 30. Bxa7 f5 31. b4 Bxc3 32. Bc5 Kf7 33. Ke2 Ke6 34. Kd3 Bf6 35. Kc4 Bd8 36.
Bd4 h4 37. Be3 h3 38. Bd4 Kd6 39. Be3 Ke5 40. Kd3 Kd5 41. Bd2 Be7 42. Be1 Bf6 43. Bd2 Bd4 44. Be1 c5 45. b5 c4+ 46.
Kc2 Kc5 47. a6 bxa6 48. bxa6 Kb6 0-1

[Event "Late-Titled-Tuesday-Blitz-January-30-2024"]
[Site "Chess.com"]
[Date "2024.01.30"]
[Round "2"]
[White "Zura_19"]
[Black "RCone"]
[Result "1-0"]
[WhiteElo "2537"]
[BlackElo "2313"]
[TimeControl "180+1"]
[EndTime "14:17:35 PST"]
[Termination "Zura_19 won by checkmate"]

1. d4 g6 2. e4 d6 3. Nc3 Nf6 4. f3 c6 5. Be3 b5 6. Qd2 Nbd7 7. g4 Nb6 8. Bd3 Qc7 9. h4 h5 10.
g5 Nfd7 11. f4 Bg7 12. Nf3 O-O 13. b3 b4 14. Ne2 c5 15. f5 cxd4 16. Bxd4 Bxd4 17.
Nfxd4 Ne5 18. O-O-O a5 19. Nf4 Qc5 20. Be2 a4 21. Kb1 axb3 22. cxb3 Bb7 23. Qe3 Qa5 24. Rd2 Nbd7 25. fxg6 fxg6 26. Nfe6 Rfc8 27. Rf1 Rc3 28. Qf4 Nc5 29. Nxc5 Qxc5 30. Bxh5 gxh5 31. g6 Rd3 32. Ne6 Rxd2 33. Qf8+ Rxf8 34. Rxf8# 1-0

[Event "Late-Titled-Tuesday-Blitz-January-30-2024"]
[Site "Chess.com"]
[Date "2024.01.30"]
[Round "2"]
[White "RebecaJimnz"]
[Black "Nf3c5"]
[Result "0-1"]
[WhiteElo "2297"]
[BlackElo "2530"]
[TimeControl "180+1"]
[EndTime "14:17:35 PST"]
[Termination "Nf3c5 won on time"]

1. e4 e5 2. d4 exd4 3. Qxd4 Nc6 4. Qe3 Nf6 5. Nc3 Be7 6. Bd2 d5 7. exd5 Nxd5 8. Qg3 Ncb4 9. Bd3 Nxc3 10. Bxc3 Nxd3+ 11. cxd3 Bf6 12. Ne2 O-O 13. O-O c6 14. Nf4 Bf5 15. Nh5 Bxc3 16. bxc3 Bg6 17. Nf4 Qf6 18. Nxg6 hxg6 19.
d4 Rfe8 20. Rab1 Re7 21. h3 Rae8 22. Rb2 Qf5 23. Rfb1 b6 24. Qd6 Qd7 25. Qf4 Re4 26. Qf3 Qe6 27. g3 g5 28. Kg2 f5 29. a4 g4 30.
hxg4 fxg4 31. Qd1 Rf8 32. Qd2 Qf5 33. Rf1 Qf3+ 34. Kg1 Re6 0-1

[Event "Late-Titled-Tuesday-Blitz-January-30-2024"]
[Site "Chess.com"]
[Date "2024.01.30"]
[Round "2"]
[White "gabduschew"]
[Black "igorknyazev"]
[Result "1-0"]
[WhiteElo "2467"]
[BlackElo "2116"]
[TimeControl "180+1"]
[EndTime "14:17:35 PST"]
[Termination "gabduschew won by checkmate"]

1. b3 e5 2. Bb2 Nc6 3. e3 Nf6 4.
Bb5 d6 5. Ne2 Be7 6. d4 exd4 7.
Nxd4 Bd7 8. Bxc6 bxc6 9. Qf3 d5 10. Nf5 Bxf5 11. Qxf5 O-O 12. O-O Qd7 13. Qd3 Qg4 14.
Nd2 Rad8 15. Nf3 Bd6 16. h3 Qg6 17. Rfd1 Ne4 18. c4 Rfe8 19. Rac1 dxc4 20. Qxc4 Nxf2 21. Kxf2 Qg3+ 22. Kf1 Rxe3 23. Qg4 Rde8 24. Qxg3 Bxg3 25. Rc2 h6 26. Bd4 R3e4 27. Bxa7 g5 28. Bf2 Bf4 29. Re1 f5 30. Rxc6 Rxe1+ 31. Bxe1 Ra8 32. a4 Kh7 33. a5 Rb8 34. b4 Be3 35. Bc3 g4 36. Nh4 gxh3 37.
gxh3 f4 38. Ke2 Re8 39. Kf3 Bg1 40. Nf5 Bh2 41. Rxc7+ Kg8 42. Nxh6+ Kf8 43. Rf7# 1-0

[Event "Late-Titled-Tuesday-Blitz-January-30-2024"]
[Site "Chess.com"]
[Date "2024.01.30"]
[Round "2"]
[White "Gentlejimmy7"]
[Black "Szparu"]
[Result "0-1"]
[WhiteElo "2547"]
[BlackElo "2782"]
[TimeControl "180+1"]
[EndTime "14:17:36 PST"]
[Termination "Szparu won on time"]

1. c4 e6 2. g3 d5 3. Bg2 Nf6 4.
Nh3 d4 5. O-O c5 6. d3 Nc6 7. a3 h6 8. Bd2 Bd7 9. b4 Qc8 10. b5 Ne7 11. e3 e5 12. exd4 cxd4 13. Re1 Bxh3 14. Rxe5 Bxg2 15. Kxg2 Nd7 16. Re1 Nc5 17. Bb4 Ne6 18. Nd2 Nf5 19. Re5 Bxb4 20. axb4 g6 21. Ne4 O-O 22. Qd2 Kg7 23. Rxf5 gxf5 24.
Nd6 Qd8 25. Nxf5+ Kg8 26. Qxh6 Qg5 27. Qxg5+ Nxg5 28. Nd6 b6 29. f4 Ne6 30. Kf3 Rfd8 31. Ne4 f5 32. h4 fxe4+ 33. Kxe4 Re8 34. Kf3 Ng7 35. Kg4 Re3 36. h5 Kh7 37. c5 bxc5 38. bxc5 Ne6 39. b6 Nxc5 0-1

[Event "Late-Titled-Tuesday-Blitz-January-30-2024"]
[Site "Chess.com"]
[Date "2024.01.30"]
[Round "2"]
[White "GMAkobianSTL"]
[Black "pr1105"]
[Result "0-1"]
[WhiteElo "2716"]
[BlackElo "2430"]
[TimeControl "180+1"]
[EndTime "14:17:36 PST"]
[Termination "pr1105 won by resignation"]

1. d4 Nf6 2. c4 e6 3. Nc3 Bb4 4. Bd2 O-O 5. e3 d5 6. Nf3 b6 7. cxd5 exd5 8. Bd3 c5 9. a3 Bxc3 10. Bxc3 c4 11. Bc2 Bg4 12. h3 Bh5 13. g4 Bg6 14. Nd2 Nc6 15. f3 Re8 16. Kf2 b5 17. b4 Qd6 18. Bxg6 hxg6 19. Qg1 a5 20. Qh2 Qe7 21. Nf1 axb4 22. axb4 Rxa1 23. Bxa1 Nxb4 24. h4 Nd3+ 25.
Kg1 Qa3 26. h5 Qxa1 27. hxg6 fxg6 28. g5 Nh5 29. Qd6 Kh7 30. Qxd5 Qe1 31. Rh2 Rxe3 32. Qf7 Re8 33. Rxh5+ gxh5 34. Qxh5+ Kg8 35. g6 Qf2+ 36. Kh1 Qxf1+ 37. Kh2 Re2+ 38. Kg3 Rg2+ 0-1

[Event "Late-Titled-Tuesday-Blitz-January-30-2024"]
[Site "Chess.com"]
[Date "2024.01.30"]
[Round "2"]
[White "DeTimmerman"]
[Black "PNEPaul"]
[Result "1-0"]
[WhiteElo "2684"]
[BlackElo "1850"]
[TimeControl "180+1"]
[EndTime "14:17:38 PST"]
[Termination "DeTimmerman won on time"]

1. e4 e5 2. d4 exd4 3. c3 d5 4. exd5 Qxd5 5. cxd4 Nf6 6. Nc3 Bb4 7. Nf3 O-O 8. Bd3 Nc6 9. O-O Qh5 10. h3 Bd6 11. Nb5 Bxh3 12. gxh3 Qxh3 13. Nxd6 cxd6 14. Nh2 Nxd4 15. Be3 Ne6 16. Qf3 Qh4 17. Rfd1 d5 18. Kg2 d4 19. Bd2 Nh5 20. Qe4 Nhf4+ 21. Kh1 f5 22.
Qf3 Rf6 23. Bc4 g5 24. Bxf4 gxf4 25. Rg1+ Kh8 26. Bxe6 Rxe6 27. Qxb7 Rg8 28. Rxg8+ Kxg8 29. Rg1+ Rg6 30. Rxg6+ hxg6 31. Qd5+ Kg7 32. Qxd4+ Kh6 33. Qxa7 g5 34. Qb6+ Kh5 35. Qc5 Kg6 36. Qc6+ Kh5 37.
Qf3+ 1-0

[Event "Late-Titled-Tuesday-Blitz-January-30-2024"]
[Site "Chess.com"]
[Date "2024.01.30"]
[Round "2"]
[White "Defend1r"]
[Black "Matalon"]
[Result "0-1"]
[WhiteElo "2525"]
[BlackElo "2403"]
[TimeControl "180+1"]
[EndTime "14:17:39 PST"]
[Termination "Matalon won by checkmate"]

1. e4 c5 2. Nf3 d6 3. c3 Nf6 4. h3 Nc6 5. Bd3 e5 6. Bc2 d5 7. exd5 Qxd5 8. O-O e4 9. Re1 Be6 10. c4 Qxc4 11. Bb3 Qd3 12. Bxe6 fxe6 13. Re3 Qd7 14.
Ng5 Qd5 15. h4 Qf5 16. Nc3 Ng4 17. Re2 Nd4 18. Ngxe4 Nxe2+ 19. Qxe2 Be7 20. Ng3 Qg6 21. h5 Qg5 22. Qxe6 Nxf2 23. Nf5 Nh3+ 24. Kh1 Qxg2+ 25.
Kxg2 Nf4+ 26. Kf3 Nxe6 27. Nd5 Bd8 28. Ke4 O-O 29. d3 Bg5 30. Nd6 Rf1 31. Ke5 Re1+ 32. Kf5 Bxc1 33. Ne7+ Kf8 34. Nd5 Rd8 35. Rxc1 Rxc1 36.
Kxe6 Re1+ 37. Ne4 Re2 38. h6 gxh6 39. Nf6 Rxd3 40. Kf5 Rf3+ 41. Kg4 Rfe3 42. Nxc5 Kg7 43. Nh5+ Kf7 44. Nf4 Rxb2 45. a4 Rb4 46. Kf5 Rf3 47.
Ke5 Rfxf4 48. a5 Rfc4 49. Kd6 Rb5 50. a6 Rbxc5 51. axb7 Rb5 52. Kd7 Rb6 53. Kd8 Rcb4 54. Kc8 Rxb7 55. Kd8 Re7 56. Kc8 a5 57. Kd8 Rb8# 0-1

[Event "Late-Titled-Tuesday-Blitz-January-30-2024"]
[Site "Chess.com"]
[Date "2024.01.30"]
[Round "2"]
[White "PawnEatingZombie"]
[Black "WindWhistler11"]
[Result "0-1"]
[WhiteElo "2146"]
[BlackElo "2479"]
[TimeControl "180+1"]
[EndTime "14:17:39 PST"]
[Termination "WindWhistler11 won by resignation"]

1. e4 e6 2. d4 d5 3. exd5 exd5 4.
Bf4 Ne7 5. Nc3 Bf5 6. Qd2 Qd7 7.
f3 f6 8. g4 Be6 9. O-O-O Nbc6 10. h4 Nc8 11. h5 Nb6 12. Nh3 Bb4 13. Nf2 Na4 14. Bb5 Nxc3 15. bxc3 Ba3+ 16. Kb1 a6 17. Ba4 b5 18. Bb3 a5 19. Rhe1 a4 20. Qe2 Kf7 21. g5 axb3 22. g6+ hxg6 23. hxg6+ Ke7 24. cxb3 Rhe8 25. Nd3 Kd8 26. b4 Bf5 27. Qxe8+ Qxe8 28. Rxe8+ Kxe8 29. Bxc7 Kd7 30. Bb6 Re8 31. Kc2 Bxb4 32. Kb3 Bxd3 33. Rxd3 Bd6 34. Rd1 Rb8 35.
Bc5 b4 36. cxb4 Nxb4 37. Bxd6 Kxd6 38. a3 Nc6+ 39. Kc3 Ra8 40. Kb3 Na5+ 41. Kc3 Nc4 42. Rh1 Rxa3+ 0-1

[Event "Late-Titled-Tuesday-Blitz-January-30-2024"]
[Site "Chess.com"]
[Date "2024.01.30"]
[Round "2"]
[White "powermove"]
[Black "Schattman"]
[Result "0-1"]
[WhiteElo "2065"]
[BlackElo "2456"]
[TimeControl "180+1"]
[EndTime "14:17:39 PST"]
[Termination "Schattman won on time"]

1. d4 g6 2. e4 Bg7 3. Nf3 d6 4. Bd3 Nf6 5. h3 O-O 6. O-O Nc6 7. c3 e5 8. d5 Ne7 9. c4 c5 10. dxc6 bxc6 11. Nc3 h6 12. Qe2 Be6 13. b3 Qa5 14. Bd2 Qc7 15. Rac1 Nh5 16. Be3 Rae8 17. Qd2 Kh7 18. g4 Nf6 19. Kg2 Nfg8 20. g5 h5 21. Nh4 Qb8 22. f4 d5 23. cxd5 cxd5 24. Bc5 Rc8 25.
Bxe7 Nxe7 26. f5 dxe4 27. Bxe4 Rfd8 28. Qe2 Bd5 29. Nxd5 Nxd5 30. fxg6+ fxg6 31. Bxg6+ Kg8 32. Qxh5 Nf4+ 33. Rxf4 Rd2+ 34. Rf2 Qb7+ 35. Kg3 Rxf2 36. Qh7+ Kf8 0-1

[Event "Late-Titled-Tuesday-Blitz-January-30-2024"]
[Site "Chess.com"]
[Date "2024.01.30"]
[Round "2"]
[White "TigrVShlyape"]
[Black "jsdbv18"]
[Result "1-0"]
[WhiteElo "2931"]
[BlackElo "2602"]
[TimeControl "180+1"]
[EndTime "14:17:41 PST"]
[Termination "TigrVShlyape won by resignation"]

1. e4 c5 2. Nf3 d6 3. d4 cxd4 4. Nxd4 Nf6 5. Nc3 g6 6. Be2 Bg7 7. O-O O-O 8. Be3 Nc6 9. Qd2 Bd7 10. a4 Nxd4 11. Bxd4 Bc6 12. Bf3 Qa5 13. Rfd1 Rfe8 14. Nd5 Qxd2 15. Rxd2 Bxd5 16. exd5 Nd7 17. a5 Bxd4 18.
Rxd4 Rac8 19. c3 Rc7 20. Be2 Rec8 21. f4 Rc5 22. c4 R5c7 23. Re4 Nc5 24. Re3 Kf8 25.
g4 h6 26. h4 Nd7 27. b3 Nf6 28. g5 hxg5 29. hxg5 Nd7 30. Kf2 Nc5 31. Bg4 Re8 32.
Rh1 e6 33. dxe6 Nxe6 34. Rh8+ Ke7 35. Rxe8+ Kxe8 36. Bxe6 fxe6 37. Rxe6+ Kf7 38. Rxd6 Re7 39. Kf3 Kg7 40. b4 Kf7 41. c5 Kg7 42. Kg4 Kf7 43.
Kf3 Kg7 44. b5 Kf7 45. c6 bxc6 46. Rxc6 Rb7 47. b6 axb6 48. axb6 Rd7 49. Rc7 Ke6 50. Rxd7 Kxd7 51. f5 gxf5 52. g6 1-0